 Dungeon Crawl Stone Soup version 0.28-a0-410-gbef64dd269 (webtiles) character file.

Game seed: 17448689714623043208

199 dolemite99 the Cutter (level 5, -3/45 HPs)
             Began as a Minotaur Abyssal Knight on Sept 7, 2021.
             Was a Believer of Lugonu.
             Slain by an ogre (13 damage)
             ... on level 4 of the Dungeon.
             The game lasted 00:04:14 (3784 turns).

dolemite99 the Cutter (Minotaur Abyssal Knight)     Turns: 3784, Time: 00:04:14

Health: -3/45      AC: 12    Str: 18    XL:     5   Next: 48%
Magic:  14/14      EV:  5    Int:  9    God:    Lugonu [**....]
Gold:   123        SH:  0    Dex:  9    Spells: 4/4 levels left

rFire   . . .      SeeInvis .   b - +0 dagger (drain)
rCold   . . .      Faith    .   (no shield)
rNeg    . . .      Spirit   .   q - +0 plate armour
rPois   .          Reflect  .   (helmet restricted)
rElec   .          Harm     .   (no cloak)
rCorr   .          Rampage  .   (no gloves)
Will    +....      Rnd*Rage +   v - +0 pair of boots
Stlth   ..........              (no amulet)
HPRegen 0.15/turn               u - ring of magical power
MPRegen 0.14/turn               (no ring)

@: no status effects
A: horns 2, retaliatory headbutt, berserk 1, strong-willed 1
a: Renounce Religion, Depart the Abyss, Bend Space


You were on level 4 of the Dungeon.
You worshipped Lugonu.
Lugonu was pleased with you.
You visited 1 branch of the dungeon, and saw 4 of its levels.
You visited the Abyss 1 time.

You collected 123 gold pieces.

Inventory:

Hand Weapons
 a - a +1 spear
 b - a +0 dagger of draining (weapon)
 w - a +0 hunting sling
Missiles
 e - 39 arrows
 j - 75 stones (quivered)
 l - 11 sling bullets
 n - a throwing net
 o - 17 poisoned darts
 x - 14 bolts
Armour
 c - a +0 leather armour
 g - a +0 ring mail
 k - a +0 chain mail
 q - a +0 plate armour (worn)
 r - a scarf of harm
 v - a +0 pair of boots (worn)
Jewellery
 u - a ring of magical power (left hand)
Scrolls
 d - 2 scrolls of teleportation {unknown}
 f - a scroll of magic mapping {unknown}
 i - a scroll of identify {@r1}
 m - a scroll of enchant weapon {unknown}
 t - a scroll of silence {unknown}
Potions
 h - a potion of flight
 p - 3 potions of mutation
 s - a potion of cancellation {unknown}


   Skills:
 - Level 3.6 Fighting
 + Level 5.5 Short Blades
 - Level 3.1 Polearms
 - Level 2.4 Armour
 - Level 1.1 Dodging
 - Level 1.7 Invocations


You had 4 spell levels left.
You didn't know any spells.
Your spell library contained the following spells:

 Spells                   Type           Power      Damage    Failure   Level
 Inner Flame              Hex/Fire       0%         N/A       100%        3
 Cause Fear               Hex            0%         N/A       100%        4
 Discord                  Hex            0%         N/A       100%        8


Dungeon Overview and Level Annotations

Branches:
Dungeon (4/15)
 Temple: D:4-7

Altars:
Fedhas
Wu Jian
Yredelemnul


Innate Abilities, Weirdness & Mutations

You have a pair of horns on your head.
You reflexively headbutt those who attack you in melee.
You tend to lose your temper in combat.
You are strong-willed. (Will+)


Message History

There is a stone staircase leading down here.
You hit the kobold but do no damage. You drain the kobold.
You kill the kobold!
Lugonu accepts your kill.
A ball python comes into view.
Found a ring mail.
The ball python hisses angrily.
You see here a +0 dagger.
The ball python bites you but does no damage.
The ball python grabs you. The ball python constricts you.
You escape the ball python's grasp.
You see here an amethyst potion.
s - an amethyst potion The ball python barely misses you.
You furiously retaliate!
You headbutt the ball python!
You kill the ball python!
Lugonu accepts your kill.
An ogre comes into view. It is wielding a +0 giant club.
The ogre shouts!
The ogre hits you with a +0 giant club.
You hit the ogre. You headbutt the ogre.
The ogre is moderately wounded.
The ogre hits you with a +0 giant club!
You barely miss the ogre.
The ogre is moderately wounded.
You hit the ogre. You drain the ogre.
The ogre is heavily wounded.
The ogre hits you with a +0 giant club!
* * * LOW HITPOINT WARNING * * *
You hit the ogre. You drain the ogre.
You headbutt the ogre, but do no damage.
The ogre is severely wounded.
You hit the ogre but do no damage. You headbutt the ogre.
The ogre is almost dead.
The ogre hits you with a +0 giant club.
* * * LOW HITPOINT WARNING * * *
You hit the ogre.
The ogre is almost dead.
The ogre hits you with a +0 giant club!
You die...

##. ... ## ... .. #.# ..# #.#
#. #.####..# #.# #.##.......#
#.# #.#........######.###
####...................##
........O............#..#
###.[..@................
#.................##.#
#...#.##.#........##..
#.#...##.........#####
#...##..##..#.####...<
#...##>.##..#.###.....
#...).##....#.##......
########...#.##.#............
.............................


You could see an ogre (drained).

Vanquished Creatures
  2 orc priests (D:3)
  An orc wizard (D:4)
  2 adders
  A shadow imp (D:3)
  3 dart slugs
  A worm (D:2)
  9 orcs
  6 ball pythons
  3 endoplasms
  A giant cockroach (D:2)
  15 goblins
  3 hobgoblins
  4 quokkas
  9 bats
  4 frilled lizards
  4 kobolds
  6 rats
74 creatures vanquished.

Notes
Turn   | Place    | Note
-------+----------+-------------------------------------------
     0 | Abyss:1  | dolemite99 the Minotaur Abyssal Knight began the quest for
                  | the Orb.
     0 | Abyss:1  | Reached XP level 1. HP: 19/19 MP: 1/1
    24 | D:1      | Escaped the Abyss
   260 | D:1      | Reached XP level 2. HP: 23/26 MP: 2/2
   262 | D:1      | Reached skill level 1 in Short Blades
   328 | D:1      | Reached * piety under Lugonu
   496 | D:1      | Reached skill level 2 in Short Blades
   638 | D:1      | Found a faded altar of an unknown god.
   797 | D:1      | Found a basalt altar of Yredelemnul.
  1093 | D:2      | Reached XP level 3. HP: 22/31 MP: 3/3
  1746 | D:2      | Reached skill level 3 in Short Blades
  2331 | D:3      | Found a blossoming altar of Fedhas.
  2562 | D:3      | Gained mutation: You tend to lose your temper in combat.
                  | [potion of mutation]
  2562 | D:3      | Gained mutation: You are strong-willed. (Will+) [potion of
                  | mutation]
  2569 | D:3      | Reached skill level 4 in Short Blades
  2569 | D:3      | Reached XP level 4. HP: 29/39 MP: 4/4
  2576 | D:3      | Reached ** piety under Lugonu
  3320 | D:3      | Found an ornate altar of the Wu Jian Council.
  3407 | D:4      | Reached XP level 5. HP: 43/45 MP: 5/5
  3552 | D:4      | Reached skill level 5 in Short Blades
  3758 | D:4      | Noticed an ogre
  3784 | D:4      | Slain by an ogre

Illustrated notes

Levels and vault maps discovered:
D:1:      kennysheep_arrival_seaside, layout_basic,
          ebering_ecumenical_altar_petrified, kennysheep_flooded_box,
          chequers_serial_rivers_small_3
D:2:      layout_loops_ring
D:3:      layout_basic, fedhas_altar_3, nicolae_wu_jian_immortal_techniques
D:4:      layout_rooms, serial_shops, nicolae_diamond_shop, grunt_ministairs_15,
          st_stairs_7, lightli_corner_chamber

Skill      XL: |  1  2  3  4  5 |
---------------+----------------+-----
Polearms       | 3 |  3.1
Short Blades   | 2 4 5 |  5.5
Fighting       | |  3.6
Armour         | |  2.4
Dodging        | |  1.1
Invocations    | |  1.7

Action                   |  1- 3 |  4- 6 || total
-------------------------+-------+-------++-------
Melee: Spear             |    15 |       ||    15
       Dagger            |    93 |    80 ||   173
       Headbutt          |    15 |    13 ||    28
Throw: Stone             |    23 |     4 ||    27
Invok: Depart the Abyss  |     1 |       ||     1
  Use: Potion            |     4 |     1 ||     5
       Scroll            |     1 |       ||     1
Armor: Leather armour    |    13 |       ||    13
       Ring mail         |    13 |       ||    13
       Plate armour      |    43 |    64 ||   107
       Chain mail        |     6 |       ||     6
Dodge: Dodged            |    61 |    15 ||    76

Table legend: (Time is in decaauts)
 A = Elapsed time spent in this place.
 B = Non-inter-level travel time spent in this place.
 C = Inter-level travel time spent in this place.
 D = Time resting spent in this place.
 E = Time spent auto-exploring this place.
 F = Levels seen in this place.
 G = Mean time per level.
                   A        B        C        D        E       F      G
               +--------+--------+--------+--------+--------+-----+--------+
         Total |   3765 |   3692 |     73 |    776 |   2154 |   5 |  753.0 |
       Dungeon |   3741 |   3668 |     73 |    776 |   2131 |   4 |  935.2 |
         Abyss |     24 |     24 |      0 |      0 |     23 |   1 |   24.0 |
               +--------+--------+--------+--------+--------+-----+--------+

Top non-repeatable levels by time:
     D:3: 1272 daAuts
     D:2: 1091 daAuts
     D:1: 1031 daAuts
     D:4: 345 daAuts
 Abyss:1: 24 daAuts
